 Dungeon Crawl Stone Soup version 0.18-a0-1643-gb89d9db (webtiles) character file.

707 hexophile the Carver (level 7, 0/57 HPs)
             Began as a Green Draconian Fighter on Mar 28, 2016.
             Was a Priest of Cheibriados.
             Slain by Grinder (5 damage)
             ... while paralysed by Grinder
             ... on level 5 of the Dungeon.
             The game lasted 00:05:34 (4589 turns).

hexophile the Carver (Green Draconian Fighter)      Turns: 4589, Time: 00:05:34

Health: 0/57       AC:  6    Str: 28 (29) XL:     7   Next: 39%
Magic:  2/7        EV:  2    Int: 16      God:    Cheibriados [***...]
Gold:   181        SH:  0    Dex: 18      Spells: 0 memorised, 6 levels left

rFire  . . .     SeeInvis .     a - +0 long sword
rCold  . . .     Gourm    .     (armour unavailable)
rNeg   . . .     Faith    .     b - +0 shield
rPois  +         Spirit   .     (helmet restricted)
rElec  .         Dismiss  .     (no cloak)
rCorr  .         Reflect  +     (no gloves)
SustAt .         Harm     .     (no boots)
MR     .....                    h - +3 amulet of reflection
Stlth  ++........               (no ring)
                                (no ring)

@: paralysed, short of breath, very slow, not resistant to hostile enchantments,
unstealthy
A: breathe noxious fumes, unfitting armour, big wings, claws 1, poison
resistance, wild magic 1, no device heal 1, cold-blooded, AC +6
a: Breathe Noxious Fumes, Fly, Bend Time, Temporal Distortion, Renounce Religion


You were on level 5 of the Dungeon.
You worshipped Cheibriados.
Cheibriados was most pleased with you.
You were not hungry.

You visited 1 branch of the dungeon, and saw 5 of its levels.

You collected 181 gold pieces.


Innate Abilities, Weirdness & Mutations

You can breathe blasts of noxious fumes.
Your lurid green scales are hard (AC +6).
Your body does not fit into most forms of armour.
Your system is resistant to poisons.
You are cold-blooded and may be slowed by cold attacks.
Your large and strong wings let you fly indefinitely.
You have sharp fingernails.
Your spells are a little harder to cast, but a little more powerful.
Potions and wands are less effective at restoring your health.

Inventory:

Hand Weapons
 a - a +0 long sword (weapon)
Missiles
 m - 6 poisoned needles
Armour
 b - a +0 shield (worn)
Jewellery
 h - a +3 amulet of reflection (around neck)
 l - an uncursed ring of ice {rC+ rF-}
Wands
 c - a wand of disintegration (9/24)
Scrolls
 d - a scroll of fear {unknown}
 f - 3 scrolls of remove curse
 g - a scroll of immolation
 i - a scroll of teleportation
 k - a scroll of amnesia {unknown}
Potions
 e - a potion of might {Str+5 DMG+1d10}
 n - a potion of lignification {unknown}
Books
 j - a book of Transfigurations

   Spells                             Type                      Level
   a - Irradiate                      Conjuration/Transmutation    5
   b - Statue Form                    Transmutation/Earth          6
   c - Hydra Form                     Transmutation                6
   d - Dragon Form                    Transmutation                7
Comestibles
 r - 3 bread rations


You had 6 spell levels left.
You didn't know any spells.


   Skills:
 - Level 3.2 Fighting
 + Level 8.4 Long Blades
 - Level 2.6 Dodging
 - Level 3.0 Shields

Dungeon Overview and Level Annotations

Branches:
Dungeon (5/15)
 Temple: D:4-7

Altars:
Ashenzari
Cheibriados
Kikubaaqudgha
Makhleb
Pakellas
Trog

Annotations:
D:5 Grinder

Vault maps used:
D:1:      nicolae_arrival_kraken_aquarium_b
D:2:      serial_forest, infiniplex_forest_clump_small,
          infiniplex_forest_straight_1, infiniplex_forest_fountain,
          infiniplex_forest_straight_5, infiniplex_forest_lined_room_3,
          infiniplex_forest_clump_C, infiniplex_forest_end_double,
          infiniplex_forest_end_2, ecumenical_altar_2
D:3:      old_standard_altar, makhleb_blood_cavern_becter,
          ashenzari_conservatory_becter, minmay_strange_pillars,
          cheibrodos_ashenzari_chains
D:4:      bloody_trog, overflow_temple_1_default, first_bread
D:5:      minmay_temple_entry_purple_smoke, gammafunk_pakellas_spire_experiment,
          uniq_grinder, uniq_sigmund
You       could see Grinder.


Message History

The flow of time bends around you.
Grinder resists with some effort.
You feel slightly more hungry. You block Grinder's attack.
You slash Grinder!
Your tail-slap misses Grinder.
Grinder is moderately wounded.
Grinder gestures at you.
You struggle to resist.
You hit Grinder.
Grinder is moderately wounded.
Grinder gestures at you.
You suddenly lose the ability to move!
Grinder hits you.
You writhe in agony.
Grinder hits you but does no damage.
An orc comes into view. It is wielding a club.
Grinder hits you!
* * * LOW HITPOINT WARNING * * *
You writhe in agony. x2; The orc moves out of view.
You can move again. !MASSIVE DAMAGE!
YOU LOST 16 HP!
You have now: 20/57 HP.
Unknown command.
The flow of time bends around you.
Grinder resists with some effort.
* * * LOW MAGIC WARNING * * *
You feel slightly more hungry. Grinder closely misses you.
Unknown command.
You don't have enough magic at the moment.
Unknown command.
You slash Grinder!
Your tail-slap misses Grinder.
Grinder is almost dead.
Grinder gestures at you. You resist with significant effort.
You hit Grinder but do no damage.
Your tail-slap misses Grinder.
Grinder is almost dead.
Grinder hits you.
* * * LOW HITPOINT WARNING * * *
Grinder gestures at you.
You suddenly lose the ability to move!
Grinder gestures at you.
You shrug off the repeated paralysis!
Grinder hits you!
* * * LOW HITPOINT WARNING * * *
You writhe in agony.
* * * LOW HITPOINT WARNING * * *
Grinder hits you.
* * * LOW HITPOINT WARNING * * *
You writhe in agony.
* * * LOW HITPOINT WARNING * * *
Grinder hits you.
* * * LOW HITPOINT WARNING * * *
You writhe in agony.
You die...

Action                   |  1- 3 |  4- 6 |  7- 9 || total
-------------------------+-------+-------+-------++-------
Melee: Long sword        |   117 |   175 |    21 ||   313
Invok: Bend Time         |       |       |     2 ||     2
 Abil: Breathe Noxious F |       |       |     3 ||     3
  Use: Scroll            |       |     5 |       ||     5
       Potion            |       |     9 |       ||     9
 Stab: Distracted        |     1 |     1 |       ||     2
       Sleeping          |     1 |       |       ||     1
       Confused          |       |       |     1 ||     1
  Eat: Chunk             |       |     9 |     1 ||    10

Notes
Turn   | Place    | Note
--------------------------------------------------------------
     0 | D:1      | hexophile the Draconian Fighter began the quest for the Orb.
     0 | D:1      | Reached XP level 1. HP: 19/19 MP: 1/1
     2 | D:1      | Noticed a formicid
     2 | D:1      | Noticed an octopode
     2 | D:1      | Noticed a gargoyle
     2 | D:1      | Noticed a vine stalker
     2 | D:1      | Noticed a gargoyle
     2 | D:1      | Noticed an ogre
     2 | D:1      | Noticed a kraken
     2 | D:1      | Noticed a draconian
     2 | D:1      | Noticed a spriggan
     2 | D:1      | Noticed a centaur
     2 | D:1      | Noticed an ogre
     2 | D:1      | Noticed a centaur
     2 | D:1      | Noticed a troll
     2 | D:1      | Noticed a centaur
     2 | D:1      | Noticed a vine stalker
     5 | D:1      | Killed an ogre
     5 | D:1      | Killed an octopode
     7 | D:1      | Killed a formicid
     7 | D:1      | Killed a gargoyle
     8 | D:1      | Killed a gargoyle
     8 | D:1      | Killed an ogre
     9 | D:1      | Killed a centaur
     9 | D:1      | Killed a centaur
    10 | D:1      | Killed a spriggan
    11 | D:1      | Killed a troll
    12 | D:1      | Killed a centaur
    15 | D:1      | Killed a draconian
    16 | D:1      | Killed a vine stalker
    18 | D:1      | Killed a vine stalker
   172 | D:1      | Reached XP level 2. HP: 21/26 MP: 2/2
   345 | D:1      | Reached skill level 3 in Long Blades
   609 | D:2      | Reached XP level 3. HP: 25/31 MP: 3/3
   856 | D:2      | Found a faded altar to an unknown god.
   865 | D:2      | Became a worshipper of Cheibriados the Contemplative
   865 | D:2      | Reached * piety under Cheibriados
  1175 | D:2      | Reached skill level 4 in Long Blades
  1240 | D:2      | Reached XP level 4. HP: 28/38 MP: 4/4
  1770 | D:3      | Found a shattered altar of Ashenzari.
  1805 | D:3      | Reached ** piety under Cheibriados
  1816 | D:3      | Found an oddly glowing altar of Pakellas.
  2001 | D:3      | Reached skill level 5 in Long Blades
  2016 | D:3      | Reached XP level 5. HP: 27/45 MP: 5/5
  2176 | D:3      | Found a shattered altar of Ashenzari.
  2390 | D:3      | Found a burning altar of Makhleb.
  2775 | D:4      | Noticed a sky beast
  2785 | D:4      | Killed a sky beast
  2785 | D:4      | Reached skill level 6 in Long Blades
  2785 | D:4      | Reached XP level 6. HP: 28/51 MP: 6/6
  2918 | D:4      | Gained mutation: Potions and wands are less effective at restoring your health. [mutagenic meat]
  2919 | D:4      | Gained mutation: You have sharp fingernails. [mutagenic meat]
  2920 | D:4      | Gained mutation: You are frail (-10% HP). [mutagenic meat]
  3070 | D:4      | Found an ancient bone altar of Kikubaaqudgha.
  3501 | D:4      | Gained mutation: Your spells are a little harder to cast, but a little more powerful. [potion of mutation]
  3501 | D:4      | Lost mutation: You are frail (-10% HP). [potion of mutation]
  3501 | D:4      | Gained mutation: Your large and strong wings let you fly indefinitely. [potion of mutation]
  3525 | D:4      | Reached *** piety under Cheibriados
  3548 | D:4      | HP: 2/51 [orc priest/nerve-wracking pain (6)]
  3549 | D:4      | Reached skill level 7 in Long Blades
  3977 | D:4      | Found a bloodstained altar of Trog.
  4177 | D:5      | Entered Level 5 of the Dungeon
  4233 | D:5      | Your scales start taking on a lurid green colour.
  4233 | D:5      | Reached XP level 7. HP: 45/57 MP: 7/7
  4233 | D:5      | Gained mutation: Your system is resistant to poisons. [Green Draconian growth]
  4282 | D:5      | Noticed Sigmund
  4316 | D:5      | Killed Sigmund
  4316 | D:5      | Reached skill level 8 in Long Blades
  4573 | D:5      | Noticed Grinder
  4579 | D:5      | Paralysed by Grinder for 4 turns
  4585 | D:5      | Paralysed by Grinder for 6 turns
  4589 | D:5      | Slain by Grinder

Table legend:
 A = Turns spent in this place as a percentage of turns spent in the entire game.
 B = Non-inter-level travel turns spent in this place as a percentage of non-inter-level travel turns spent in the entire game.
 C = Inter-level travel turns spent in this place as a percentage of turns spent in this place.
 D = Turns resting spent in this place as a percentage of non-inter-level travel turns spent in this place.
 E = Turns spent auto-exploring this place as a percentage of non-inter-level travel turns spent in this place.
 F = Non-inter-level travel turns spent in this place divided by the number of levels of this place that you've seen.
                   A       B       C       D       E      F
               +-------+-------+-------+-------+-------+----------------------
         Total | 100.0 | 100.0 |   0.4 |   3.6 |  10.9 | 226.0
       Dungeon | 100.0 | 100.0 |   0.4 |   3.6 |  10.9 | 226.0
               +-------+-------+-------+-------+-------+----------------------

Table legend:
 A = Kills in this place as a percentage of kills in entire the game.
 B = Kills by you in this place as a percentage of kills by you in the entire game.
 C = Kills by friends in this place as a percentage of kills by friends in the entire game.
 D = Other kills in this place as a percentage of other kills in the entire game.
 E = Experience gained in this place as a percentage of experience gained in the entire game.
 F = Experience gained in this place divided by the number of levels of this place that you have seen.
                   A       B       C       D       E      F
               +-------+-------+-------+-------+-------+----------------------
         Total | 100.0 | 100.0 |  -nan |  -nan | 100.0 | 202.0
       Dungeon | 100.0 | 100.0 |  -nan |  -nan | 100.0 | 202.0
               +-------+-------+-------+-------+-------+----------------------

Vanquished Creatures
  Sigmund (D:5)
  A sky beast (D:4)
  A crimson imp (D:5)
  2 orc priests (D:4)
  A jelly (D:4)
  2 hounds
  An orc wizard (D:3)
  3 worker ants
  4 gnolls (D:2)
  3 adders
  3 oozes
  An adder zombie (D:5)
  A worm (D:3)
  2 dart slugs
  A giant gecko (D:3)
  14 orcs
  A ball python (D:3)
  3 giant cockroaches
  7 goblins
  5 hobgoblins
  6 jackals
  4 quokkas
  4 bats
  7 giant newts
  A jackal skeleton (D:4)
  3 kobolds
  6 rats
88 creatures vanquished.

Vanquished Creatures (others)
  A draconian (D:1)
  An octopode (D:1)
  2 gargoyles (D:1)
  2 vine stalkers (D:1)
  A troll (D:1)
  A formicid (D:1)
  A spriggan (D:1)
  2 ogres (D:1)
  3 centaurs (D:1)
  A mummy (D:1)
  A bush (D:2)
  A plant (D:2)
  5 tentacles (D:1)
  56 tentacle segments (D:1)
78 creatures vanquished.

Grand Total: 166 creatures vanquished
